Map: Dreamcatcher LE

Players

Zest - Winner!

  • Race: Protoss Protoss
  • League: Master
  • Spawn Location: 11:00

PtitDrogo

  • Race: Protoss Protoss
  • League: Master
  • Spawn Location: 5:00

Event: HomeStory Cup XVIII

VOD

Have the link to the VOD?

Description

Time

  • Played on: Nov. 23, 2018, 3:12 p.m.
  • Length: 8:25

All games in this series

Show
View Real Time Build Order
Export as new Build Order

Zest Protoss - Winner!

Build Orders: Oracle Opening, Phoenix Opening, Zealot Archon 

Get SALT Encoding   

  12  0:00  Probe  
  13  0:12  Probe  
  14  0:17  Pylon  
  14  0:24  Probe  
  15  0:32  Probe  
  15  0:37  Gateway  
  15  0:40  Probe  
  16  0:46  Assimilator  
  17  0:51  Probe  
  17  0:54  Assimilator  
  18  0:59  Probe  
  19  1:07  Gateway  
  19  1:08  Probe  
  19  1:17  Probe  
  20  1:24  Cybernetics Core  
  21  1:29  Probe  
  22  1:35  Pylon  
  22  1:41  Probe  
  23  1:53  Probe  
  24  2:00  Stalker  
  24  2:01  Sentry, Warp Gate  
  28  2:09  Pylon  
  28  2:26  Pylon  
  28  2:35  Stargate  
  28  2:36  Phoenix  
  28  2:45  Nexus  
  28  2:48  Probe  
  29  3:00  Probe  
  30  3:12  Probe  
  31  3:13  Oracle  
  33  3:24  Probe  
  35  3:36  Probe  
  35  3:41  Robotics Facility  
  36  3:45  Oracle  
  36  3:51  Forge  
  36  3:53  Probe  
  36  3:54  Pylon  
  39  3:56  Probe  
  39  4:02  Probe  
  41  4:08  Probe  
  43  4:11  Probe  
  43  4:15  Protoss Ground Weapons Level 1  
  43  4:16  Adept x2  
  48  4:19  Probe  
  48  4:20  Probe  
  50  4:24  Pylon  
  50  4:30  Probe  
  50  4:32  Probe  
  50  4:34  Observer  
  53  4:43  Probe  
  53  4:45  Probe  
  55  4:55  Probe  
  55  4:57  Probe  
  55  5:02  Assimilator  
  55  5:04  Assimilator  
  55  5:05  Immortal  
  57  5:07  Probe  
  57  5:09  Probe  
  57  5:13  Pylon  
  59  5:19  Probe  
  59  5:21  Twilight Council, Probe  
  61  5:30  Gateway  
  61  5:31  Gateway  
  61  5:32  Gateway  
  61  5:33  Gateway  
  61  5:43  Pylon  
  61  5:44  Immortal  
  61  5:45  Protoss Ground Weapons Level 2  
  65  5:51  Gateway x2  
  65  5:58  Charge  
  65  6:00  Templar Archives  
  65  6:04  Pylon  
  65  6:21  Nexus  
  65  6:34  Warp Prism  
  65  6:37  Pylon  
  67  6:40  High Templar x2, Zealot x2  
  67  6:41  Observer  
  75  6:56  Archon  
  75  7:00  High Templar x2  
  75  7:01  Zealot x3, Observer  
  85  7:05  Archon  
  85  7:06  Zealot  
  87  7:12  Pylon  
  87  7:13  Immortal  
  91  7:21  Zealot x2  
  95  7:34  Observer  
  95  7:35  High Templar x2  
  95  7:36  Zealot x3  
  105  7:40  Archon  
  105  7:43  Photon Cannon  
  105  7:59  Zealot x6  
  99  8:14  Zealot x2  
Show
View Real Time Build Order
Export as new Build Order

PtitDrogo Protoss 

Build Orders: Phoenix Opening, Zealot Archon 

Get SALT Encoding   

  12  0:00  Probe  
  13  0:13  Probe  
  14  0:17  Pylon  
  14  0:24  Probe  
  15  0:32  Probe  
  15  0:38  Gateway  
  15  0:40  Probe  
  16  0:47  Assimilator  
  17  0:50  Probe  
  17  0:54  Assimilator  
  18  0:58  Probe  
  19  1:06  Probe  
  20  1:12  Gateway  
  20  1:17  Probe  
  21  1:26  Cybernetics Core  
  21  1:29  Probe  
  22  1:34  Pylon  
  22  1:41  Probe  
  23  1:53  Warp Gate  
  23  1:54  Probe  
  24  2:02  Stalker  
  24  2:03  Sentry  
  24  2:08  Pylon  
  28  2:21  Probe  
  29  2:36  Stalker, Probe  
  31  2:37  Phoenix  
  33  2:50  Nexus  
  31  2:52  Probe  
  31  2:54  Shield Battery  
  32  3:04  Probe  
  37  3:16  Probe  
  37  3:17  Pylon  
  38  3:28  Probe  
  35  3:36  Stargate  
  35  3:40  Shield Battery, Probe  
  36  3:48  Twilight Council  
  36  3:51  Probe  
  36  3:54  Forge  
  37  3:56  Stalker  
  37  3:57  Stalker  
  37  3:59  Probe  
  37  4:02  Probe  
  41  4:07  Probe  
  43  4:10  Protoss Ground Weapons Level 1  
  43  4:12  Probe  
  44  4:17  Probe  
  44  4:19  Sentry  
  44  4:20  Sentry  
  49  4:24  Probe  
  49  4:26  Charge  
  49  4:28  Probe  
  51  4:36  Probe  
  51  4:37  Probe  
  52  4:41  Pylon  
  52  4:42  Stalker  
  55  4:46  Stalker  
  55  4:47  Probe  
  55  4:49  Probe  
  58  4:59  Probe  
  54  5:01  Probe  
  55  5:11  Probe  
  55  5:13  Stalker, Probe  
  59  5:18  Assimilator  
  59  5:19  Assimilator  
  59  5:23  Probe  
  59  5:27  Probe  
  61  5:31  Pylon  
  61  5:36  Probe, Robotics Facility  
  61  5:41  Photon Cannon, Protoss Ground Weapons Level 2  
  62  5:45  Gateway  
  62  5:46  Gateway  
  62  5:49  Stalker  
  64  5:57  Templar Archives  
  64  6:04  Gateway  
  64  6:16  Gateway  
  64  6:23  Gateway x2  
  64  6:24  Observer  
  64  6:35  Pylon  
  64  6:42  High Templar x2  
  64  6:45  Nexus  
  68  6:47  Pylon  
  68  6:49  Warp Prism  
  66  7:06  Archon  
  66  7:07  High Templar x2  
  70  7:13  Archon  
  70  7:17  Pylon  
  70  7:18  Zealot  
  70  7:19  Pylon, Zealot x2  
  70  7:21  Zealot  
  78  7:29  High Templar  
  80  7:30  High Templar  
  80  7:34  Archon  
  82  7:39  Stalker  
  82  7:40  Zealot x3  
  90  7:44  Zealot  
  92  8:00  Zealot x4  
  100  8:08  Zealot x2  
  100  8:11  Zealot  
  98  8:17  Zealot  
Tags
 
Add a new tag
Caveats
  • Supply blocks, unpowered buildings, or Contaminate may cause inaccurate times.
  • Supply counts are checked every 10 seconds.